[Event "Late-Titled-Tuesday-Blitz-July-09-2024"]
[Site "Chess.com"]
[Date "2024.07.09"]
[Round "1"]
[White "Walter_White_Poland"]
[Black "OriTaichman"]
[Result "1-0"]
[WhiteElo "2419"]
[BlackElo "2715"]
[TimeControl "180+1"]
[EndTime "14:02:09 PDT"]
[Termination "Walter_White_Poland won by resignation"]

1. e4 c5 2. Nf3 Nc6 3. d4 cxd4 4.
Nxd4 d5 5. exd5 Qxd5 6. Be3 e6 7. Nc3 Bb4 8. Qd2 Qa5 9. a3 Nf6 10. Nb3 Bxc3 11. Nxa5 Bxd2+ 12. Bxd2 Nxa5 13. Bxa5 b6 14. Bb4 Bb7 15. O-O-O a5 16. Bb5+ 1-0

[Event "Late-Titled-Tuesday-Blitz-July-09-2024"]
[Site "Chess.com"]
[Date "2024.07.09"]
[Round "1"]
[White "Good_Knight_Kiss"]
[Black "Skatchkov_V"]
[Result "0-1"]
[WhiteElo "2385"]
[BlackElo "2703"]
[TimeControl "180+1"]
[EndTime "14:02:24 PDT"]
[Termination "Skatchkov_V won by resignation"]

1. e4 e5 2. Nf3 d5 3. exd5 e4 4. Qe2 Nf6 5. Nc3 Be7 6. Nxe4 Nxd5 7. d3 O-O 8. Qd1 c5 9. Be2 Nc6 10. O-O Bg4 11. h3 Bh5 12. Re1 Re8 13. Bd2 b6 14. a3 Qc7 15. g3 Rad8 16. c4 Nf6 17.
Bc3 Nxe4 0-1

[Event "Late-Titled-Tuesday-Blitz-July-09-2024"]
[Site "Chess.com"]
[Date "2024.07.09"]
[Round "1"]
[White "BaylavChess"]
[Black "Ykow"]
[Result "0-1"]
[WhiteElo "2405"]
[BlackElo "2734"]
[TimeControl "180+1"]
[EndTime "14:02:31 PDT"]
[Termination "Ykow won by resignation"]

1. d4 d5 2. c4 e5 3. dxe5 d4 4. Nf3 Nc6 5. a3 Nge7 6. e3 Bg4 7. exd4 Bxf3 8. Qxf3 Qxd4 9. Qe3 Nf5 10. Qxd4 Nfxd4 11. Bd3 Nb3 12. Nd2 Nxa1 13. b3 O-O-O 14. Ke2 Nd4+ 0-1

[Event "Late-Titled-Tuesday-Blitz-July-09-2024"]
[Site "Chess.com"]
[Date "2024.07.09"]
[Round "1"]
[White "IMJonathanCarlstedt"]
[Black "LordIron"]
[Result "1-0"]
[WhiteElo "2667"]
[BlackElo "2334"]
[TimeControl "180+1"]
[EndTime "14:02:38 PDT"]
[Termination "IMJonathanCarlstedt won by resignation"]

1. c4 g6 2. g3 Bg7 3. Bg2 d6 4.
Nc3 e5 5. e4 Nc6 6. Nge2 Nge7 7.
O-O O-O 8. d3 f5 9. f4 Be6 10.
Be3 Qd7 11. b3 exf4 12. gxf4 fxe4 13. dxe4 Bg4 14. Rc1 Rae8 15. Nd5 Nxd5 16. cxd5 Nd4 17. Bxd4 Bxe2 18. Qxe2 Bxd4+ 19. Kh1 c5 20. dxc6 1-0

[Event "Late-Titled-Tuesday-Blitz-July-09-2024"]
[Site "Chess.com"]
[Date "2024.07.09"]
[Round "1"]
[White "SharathRk6"]
[Black "vladislavkovalev"]
[Result "0-1"]
[WhiteElo "2472"]
[BlackElo "2893"]
[TimeControl "180+1"]
[EndTime "14:02:55 PDT"]
[Termination "vladislavkovalev won by checkmate"]

1. e4 e5 2. Nf3 Nc6 3. Bc4 Nf6 4. d3 Bc5 5. c3 d6 6. O-O a6 7. a4 h6 8. Nbd2 Ba7 9. Re1 O-O 10. h3 Be6 11.
Bxe6 fxe6 12. Nf1 Ne7 13. b4 Ng6 14. Be3 Bxe3 15. Rxe3 Qd7 16. Ng3 Rf7 17. Ra2 Raf8 18. d4 Qc6 19. dxe5 Nxe5 20. Nxe5 dxe5 21. Rd2 Nh7 22.
Red3 Nf6 23. Re3 Ne8 24. Rd8 Rxf2 25. Nf5 R8xf5 26. exf5 Qxg2# 0-1

[Event "Late-Titled-Tuesday-Blitz-July-09-2024"]
[Site "Chess.com"]
[Date "2024.07.09"]
[Round "1"]
[White "KaydenTroffChess"]
[Black "WindWhistler11"]
[Result "1-0"]
[WhiteElo "2879"]
[BlackElo "2464"]
[TimeControl "180+1"]
[EndTime "14:02:55 PDT"]
[Termination "KaydenTroffChess won by resignation"]

1. d4 Nf6 2. Nf3 e6 3. Bf4 c5 4. e3 b6 5. Nbd2 Bb7 6. Nc4 d5 7. Nce5 a6 8. Ng5 Rg8 9. Nexf7 Qd7 10. Ne5 Qe7 11. Bd3 c4 12. Bxh7 Nxh7 13. Qh5+ g6 14. Nxg6 Nf6 15. Nxe7+ Nxh5 16. Nxg8 Nxf4 17. exf4 Bd6 18.
g3 Nc6 19. c3 1-0

[Event "Late-Titled-Tuesday-Blitz-July-09-2024"]
[Site "Chess.com"]
[Date "2024.07.09"]
[Round "1"]
[White "yaguigor"]
[Black "LidongW"]
[Result "1-0"]
[WhiteElo "2620"]
[BlackElo "2285"]
[TimeControl "180+1"]
[EndTime "14:02:59 PDT"]
[Termination "yaguigor won by resignation"]

1. Nf3 Nf6 2. c4 g6 3. Nc3 Bg7 4. e4 d6 5. d4 O-O 6. Be2 e5 7. O-O Nc6 8. d5 Ne7 9. b4 Nd7 10. a4 a5 11. bxa5 h6 12. Nd2 Nc5 13. Nb3 Nxb3 14. Qxb3 Rxa5 15. Ba3 b6 16. Bb4 Ra8 17. a5 f5 18. f3 f4 19. axb6 Rxa1 20. Rxa1 cxb6 21.
Nb5 Nc6 1-0

[Event "Late-Titled-Tuesday-Blitz-July-09-2024"]
[Site "Chess.com"]
[Date "2024.07.09"]
[Round "1"]
[White "ALRS-SPS"]
[Black "Sanyura"]
[Result "0-1"]
[WhiteElo "2379"]
[BlackElo "2691"]
[TimeControl "180+1"]
[EndTime "14:03:07 PDT"]
[Termination "Sanyura won by resignation"]

1. e4 c6 2. d4 d5 3. Nd2 dxe4 4. Nxe4 Nf6 5. Nxf6+ exf6 6. Nf3 Bd6 7. Bd3 O-O 8.
O-O Re8 9. h3 Nd7 10. c4 Nf8 11. b3 Bc7 12. Re1 Be6 13. Bb2 Ng6 14. Bxg6 hxg6 15. Qd3 Qd6 16. Rad1 Bf5 17. Qd2 g5 18. g4 Be4 19. Qc3 Qf4 20. Rxe4 Rxe4 21. Kg2 Rae8 22.
d5 Re3 23. Qxe3 Rxe3 0-1

[Event "Late-Titled-Tuesday-Blitz-July-09-2024"]
[Site "Chess.com"]
[Date "2024.07.09"]
[Round "1"]
[White "mouseslips_are_the_best"]
[Black "hellokostya"]
[Result "0-1"]
[WhiteElo "2300"]
[BlackElo "2630"]
[TimeControl "180+1"]
[EndTime "14:03:07 PDT"]
[Termination "hellokostya won by resignation"]

1. e4 c5 2. Nf3 Nc6 3. d4 cxd4 4. Nxd4 Nf6 5. Nc3 e5 6. Ndb5 d6 7. Bg5 a6 8. Na3 b5 9. Nd5 Be7 10. Bxf6 Bxf6 11. c3 Rb8 12. Nc2 Bg5 13. a4 bxa4 14. Ncb4 Nxb4 15. cxb4 O-O 16. Rxa4 a5 17. bxa5 Rxb2 18.
Be2 Bd7 19. Ra3 Bd2+ 20. Kf1 Bxa5 21. g3 Bh3+ 22. Kg1 Rd2 23. Qe1 Rxd5 0-1

[Event "Late-Titled-Tuesday-Blitz-July-09-2024"]
[Site "Chess.com"]
[Date "2024.07.09"]
[Round "1"]
[White "DanielNaroditsky"]
[Black "Michalczak"]
[Result "1-0"]
[WhiteElo "3101"]
[BlackElo "2513"]
[TimeControl "180+1"]
[EndTime "14:03:21 PDT"]
[Termination "DanielNaroditsky won by resignation"]

1. c4 e5 2. Nc3 Nf6 3. Nf3 e4 4. Ng5 c6 5. d3 exd3 6. e4 Qa5 7. Bxd3 Bb4 8. O-O h6 9. Nf3 d6 10. Bd2 Bg4 11. a3 Bxc3 12. Bxc3 Qh5 13. Be2 Bxf3 14. Bxf3 Qc5 15. Bb4 1-0

[Event "Late-Titled-Tuesday-Blitz-July-09-2024"]
[Site "Chess.com"]
[Date "2024.07.09"]
[Round "1"]
[White "CoachKevinVelazquez"]
[Black "koncheto"]
[Result "0-1"]
[WhiteElo "2342"]
[BlackElo "2668"]
[TimeControl "180+1"]
[EndTime "14:03:51 PDT"]
[Termination "koncheto won by checkmate"]

1. e4 c5 2. Nf3 d6 3. d4 cxd4 4. Nxd4 Nf6 5. Nc3 Nc6 6. Bg5 e6 7. Qd2 a6 8. O-O-O Bd7 9. f4 b5 10. a3 Rc8 11. g4 Be7 12. Bxf6 Bxf6 13. Nce2 Qb6 14. e5 dxe5 15. Nf3 Qc7 16. g5 Be7 17. fxe5 Nxe5 18. Nxe5 Bxg5 19. Nxd7 Qxc2# 0-1

[Event "Late-Titled-Tuesday-Blitz-July-09-2024"]
[Site "Chess.com"]
[Date "2024.07.09"]
[Round "1"]
[White "ElDivis"]
[Black "ElCoachRene"]
[Result "1-0"]
[WhiteElo "2527"]
[BlackElo "1911"]
[TimeControl "180+1"]
[EndTime "14:03:55 PDT"]
[Termination "ElDivis won by resignation"]

1. e4 Nc6 2. Nf3 e5 3. Bc4 g6 4. O-O Bg7 5. Re1 Nge7 6. c3 O-O 7. d4 d6 8. h3 h6 9. Be3 Kh7 10. Na3 a6 11. Bf1 Bd7 12. dxe5 Nxe5 13. Nxe5 dxe5 14. Qb3 Bc6 15. Rad1 Qe8 16. Qb4 Nc8 17. Bc5 Rg8 18.
Nc4 Bf8 19. Bxf8 Rxf8 20. Nxe5 Bb5 21. Bxb5 axb5 22. Nd7 Rh8 23. Nf6+ 1-0

[Event "Late-Titled-Tuesday-Blitz-July-09-2024"]
[Site "Chess.com"]
[Date "2024.07.09"]
[Round "1"]
[White "David_George21"]
[Black "XDPS"]
[Result "0-1"]
[WhiteElo "2461"]
[BlackElo "2873"]
[TimeControl "180+1"]
[EndTime "14:04:03 PDT"]
[Termination "XDPS won by resignation"]

1. e4 c5 2. Nf3 e6 3. d4 cxd4 4.
Nxd4 a6 5. g3 d5 6. Bg2 Nf6 7. e5 Nfd7 8. f4 Nc6 9. c3 h5 10. h4 g6 11. O-O Be7 12. Nd2 Qc7 13. N2f3 Nc5 14. Be3 Ne4 15. Nd2 Nxg3 16. Rf3 Nxd4 17.
cxd4 Nf5 18. Bf2 Nxh4 19. Bxh4 Bxh4 20. Qb3 Bd7 21. Rc3 Bc6 22. Nf3 Be7 23. Rac1 Kf8 24. Nd2 Kg7 25. f5 gxf5 26. Rg3+ Kf8 27. Qf3 Qb6 28.
Nb3 a5 29. Qf2 Bh4 30. Rg8+ Rxg8 31. Qxh4 a4 32. Nc5 Qxb2 33. Nxe6+ Ke8 34. Nc7+ Kd7 35.
e6+ fxe6 0-1

[Event "Late-Titled-Tuesday-Blitz-July-09-2024"]
[Site "Chess.com"]
[Date "2024.07.09"]
[Round "1"]
[White "Alexander_Khlebovich"]
[Black "JoshWeinstein"]
[Result "0-1"]
[WhiteElo "2804"]
[BlackElo "2457"]
[TimeControl "180+1"]
[EndTime "14:04:07 PDT"]
[Termination "JoshWeinstein won by resignation"]

1. d4 Nf6 2. c4 g6 3. Nf3 Bg7 4. g3 O-O 5. Bg2 d5 6. cxd5 Nxd5 7. O-O c5 8. e4 Nf6 9. e5 Nd5 10. dxc5 Nc6 11. Re1 e6 12. a3 a5 13. Nbd2 a4 14. Nc4 Qc7 15. Nd6 Bd7 16. Bd2 Na5 17. Qxa4 Bxa4 18. Bxa5 Rxa5 19. b4 Raa8 20. Nd4 b6 21. Rac1 bxc5 22. Rxc5 Qd7 23. Rec1 Bxe5 24. N6b5 Bxb5 25.
Nxb5 Rfc8 0-1

[Event "Late-Titled-Tuesday-Blitz-July-09-2024"]
[Site "Chess.com"]
[Date "2024.07.09"]
[Round "1"]
[White "DucksParadise"]
[Black "ZakinIlay2306"]
[Result "0-1"]
[WhiteElo "2611"]
[BlackElo "2317"]
[TimeControl "180+1"]
[EndTime "14:04:07 PDT"]
[Termination "ZakinIlay2306 won by resignation"]

1. Nf3 c5 2. g3 Nf6 3. Bg2 g6 4. O-O Bg7 5. c3 O-O 6. d4 d5 7.
dxc5 Nc6 8. b4 Ne4 9. Nd4 Nxc3 10. Nxc3 Bxd4 11. Bb2 Bg7 12. a3 e6 13. Qd2 Ne5 14.
Qc2 Nc4 15. Bc1 Qf6 16. Nb5 Qxa1 17. Bf4 Qb2 18. Qxb2 Bxb2 19. Nc7 Bd7 20. Nxa8 Rxa8 21. e4 d4 22. e5 Bc6 23. Rd1 0-1

[Event "Late-Titled-Tuesday-Blitz-July-09-2024"]
[Site "Chess.com"]
[Date "2024.07.09"]
[Round "1"]
[White "almaguerjm"]
[Black "Polish_fighter3000"]
[Result "0-1"]
[WhiteElo "2512"]
[BlackElo "3065"]
[TimeControl "180+1"]
[EndTime "14:04:16 PDT"]
[Termination "Polish_fighter3000 won by resignation"]

1. e4 e5 2. Nf3 Nc6 3. Bc4 Nf6 4.
Ng5 d5 5. exd5 Na5 6. Bb5+ c6 7. dxc6 bxc6 8. Bd3 Ng4 9. Ne4 f5 10. Be2 h5 11. h3 fxe4 12. hxg4 Bc5 13. b4 Qd4 14. bxc5 O-O 15. O-O Qxa1 16. Nc3 e3 17. fxe3 Bxg4 18. Bxg4 hxg4 19. Rxf8+ Rxf8 20. Ba3 Qxd1+ 21. Nxd1 Nc4 22. Bb4 Nxd2 23. Bxd2 Rd8 24. Nf2 Rxd2 25. Nxg4 Rxc2 26. Nxe5 Rxc5 27. Nd3 Rc3 28. Ne5 Rxe3 29. Nxc6 Ra3 0-1

[Event "Late-Titled-Tuesday-Blitz-July-09-2024"]
[Site "Chess.com"]
[Date "2024.07.09"]
[Round "1"]
[White "FloMasterAAK"]
[Black "Queensandpawns"]
[Result "1-0"]
[WhiteElo "2639"]
[BlackElo "2304"]
[TimeControl "180+1"]
[EndTime "14:04:16 PDT"]
[Termination "FloMasterAAK won by resignation"]

1. e4 Nc6 2. d4 d5 3. Nc3 dxe4 4. d5 Ne5 5. Qd4 Ng6 6. Qxe4 Nf6 7. Qa4+ Bd7 8. Bb5 a6 9. Bxd7+ Qxd7 10. Qxd7+ Nxd7 11. Nf3 O-O-O 12. Be3 Nf6 13. O-O-O e5 14. dxe6 Rxd1+ 15.
Rxd1 fxe6 16. Ng5 Bd6 17. Nf7 Rf8 18. Nxd6+ cxd6 19. Rxd6 Ng4 20. Bc5 Nxf2 21. Rd2 Rf5 22. Bxf2 Ne5 23. b3 Ng4 24. Bg3 Rf1+ 25. Kb2 Ne3 26.
Re2 Nf5 27. Rxe6 Nxg3 28. hxg3 Rf2 29. Re2 1-0

[Event "Late-Titled-Tuesday-Blitz-July-09-2024"]
[Site "Chess.com"]
[Date "2024.07.09"]
[Round "1"]
[White "Navyblue1"]
[Black "NovoselovRoman"]
[Result "0-1"]
[WhiteElo "2117"]
[BlackElo "2562"]
[TimeControl "180+1"]
[EndTime "14:04:21 PDT"]
[Termination "NovoselovRoman won by resignation"]

1. d4 d5 2. c4 e6 3. Nc3 c5 4. cxd5 cxd4 5. Qxd4 Nc6 6. Qd1 exd5 7.
Qxd5 Bd6 8. Qd1 Nf6 9. Nf3 O-O 10. e3 Qe7 11. Be2 Rd8 12. Qa4 Nb4 13. O-O a6 14. a3 Bd7 15. Qb3 Be6 16. Qa4 b5 17.
Qa5 Nc2 18. Rb1 Bc7 19. Nd5 Bxd5 20. Qd2 Be4 21. Qc3 Rac8 22. Qb3 Bd5 0-1

[Event "Late-Titled-Tuesday-Blitz-July-09-2024"]
[Site "Chess.com"]
[Date "2024.07.09"]
[Round "1"]
[White "KevinGeorgeMicheal"]
[Black "JEHUBNER"]
[Result "1-0"]
[WhiteElo "2546"]
[BlackElo "2009"]
[TimeControl "180+1"]
[EndTime "14:04:21 PDT"]
[Termination "KevinGeorgeMicheal won by resignation"]

1. Nf3 c5 2. e4 Nc6 3. Nc3 g6 4.
Bb5 Bg7 5. O-O Nf6 6. Re1 O-O 7. e5 Ng4 8. Bxc6 bxc6 9. h3 Nh6 10. d3 Nf5 11. Bf4 Nd4 12. Ne4 Nxf3+ 13. Qxf3 Qb6 14.
Bg5 f6 15. exf6 exf6 16. Be3 Qxb2 17. Bxc5 Rf7 18. Nd6 Rf8 19. Nc4 Qb5 20. Bxf8 Kxf8 21. Nd6 1-0

[Event "Late-Titled-Tuesday-Blitz-July-09-2024"]
[Site "Chess.com"]
[Date "2024.07.09"]
[Round "1"]
[White "mslemongirl"]
[Black "djano"]
[Result "0-1"]
[WhiteElo "2242"]
[BlackElo "2597"]
[TimeControl "180+1"]
[EndTime "14:04:25 PDT"]
[Termination "djano won by checkmate"]

1. e4 c5 2. Nf3 g6 3. c4 Bg7 4. Nc3 Nc6 5. d3 d6 6. g3 Nf6 7.
Bg2 Bg4 8. h3 Bxf3 9. Bxf3 Nd7 10. Bg2 Nf8 11. O-O Ne6 12. f4 Ned4 13. f5 e6 14.
fxe6 fxe6 15. Qg4 Ne5 16. Qd1 Qe7 17. Ne2 Nec6 18. Nxd4 Bxd4+ 19. Kh2 O-O-O 20. Qg4 Ne5 21. Qg5 Qg7 22. Qd2 h5 23. Rb1 Rdf8 24. Rxf8+ Qxf8 25. b4 Ng4+ 26. Kh1 Qf2 27. bxc5 Qg1# 0-1

[Event "Late-Titled-Tuesday-Blitz-July-09-2024"]
[Site "Chess.com"]
[Date "2024.07.09"]
[Round "1"]
[White "Vladimir_Zakhartsov"]
[Black "Proteuo"]
[Result "1-0"]
[WhiteElo "2893"]
[BlackElo "2473"]
[TimeControl "180+1"]
[EndTime "14:04:27 PDT"]
[Termination "Vladimir_Zakhartsov won by resignation"]

1. d4 Nf6 2. c4 e6 3. Nc3 d5 4. Nf3 Be7 5. Bg5 O-O 6. e3 Nbd7 7. Rc1 c6 8. Be2 a6 9. O-O dxc4 10. Bxc4 b5 11.
Bd3 Bb7 12. a3 c5 13. Qe2 c4 14. Bb1 Nd5 15. Qc2 f5 16. Bxe7 Qxe7 17. Qe2 Nxc3 18.
bxc3 Nf6 19. a4 Ne4 20. Ne5 Qa3 21. Bxe4 Bxe4 22. axb5 axb5 23. f3 Bb7 24. Qd2 Qa5 25. Rb1 Bd5 26. Rb4 Ra7 27. Rfb1 Rb7 28. Qc2 Rfb8 29.
e4 1-0

[Event "Late-Titled-Tuesday-Blitz-July-09-2024"]
[Site "Chess.com"]
[Date "2024.07.09"]
[Round "1"]
[White "biostatistician"]
[Black "Horokoskii"]
[Result "1-0"]
[WhiteElo "2557"]
[BlackElo "2102"]
[TimeControl "180+1"]
[EndTime "14:04:31 PDT"]
[Termination "biostatistician won by resignation"]

1. d4 Nf6 2. Nf3 g6 3. c4 Bg7 4. Nc3 d6 5. e4 O-O 6. Be2 Bg4 7.
Be3 e5 8. dxe5 dxe5 9. O-O Bxf3 10. Bxf3 Qxd1 11. Rfxd1 c6 12. Rd2 Na6 13. Rad1 Nc7 14. Bc5 Rfe8 15. Bd6 Rac8 16. h3 a6 17. Bg4 Nxg4 18.
hxg4 Ne6 19. Ne2 Rcd8 20. f3 Nd4 21. Nxd4 exd4 22. Bc5 Bh6 23. Rd3 Be3+ 24. Kf1 Rd7 25. Rxe3 1-0

[Event "Late-Titled-Tuesday-Blitz-July-09-2024"]
[Site "Chess.com"]
[Date "2024.07.09"]
[Round "1"]
[White "swayamsm"]
[Black "cristiano78"]
[Result "1-0"]
[WhiteElo "2599"]
[BlackElo "2242"]
[TimeControl "180+1"]
[EndTime "14:04:32 PDT"]
[Termination "swayamsm won by resignation"]

1. d4 Nf6 2. c4 g6 3. Nc3 Bg7 4. e4 d6 5. Be2 O-O 6. Be3 e5 7. d5 Nbd7 8. g4 Nc5 9. f3 a5 10.
h4 h5 11. g5 Nfd7 12. Qd2 f6 13. gxf6 Bxf6 14. O-O-O Bxh4 15. Nh3 Kh7 16. Rdg1 Nb6 17. f4 exf4 18. Nxf4 Rg8 19. e5 Bf5 20. Bxc5 dxc5 21. Bd3 Rf8 22. Nxg6 Bxg6 23. Bxg6+ 1-0

[Event "Late-Titled-Tuesday-Blitz-July-09-2024"]
[Site "Chess.com"]
[Date "2024.07.09"]
[Round "1"]
[White "tptagain"]
[Black "jup1978"]
[Result "1-0"]
[WhiteElo "3039"]
[BlackElo "2510"]
[TimeControl "180+1"]
[EndTime "14:04:36 PDT"]
[Termination "tptagain won by resignation"]

1. d4 d5 2. Nf3 e6 3. Bg5 Be7 4. Bxe7 Nxe7 5. e3 b6 6. c4 O-O 7.
cxd5 Nxd5 8. Be2 Ba6 9. O-O Bxe2 10. Qxe2 Nd7 11. e4 N5f6 12. Rd1 Qe7 13. Nc3 c5 14. e5 Ne8 15. d5 exd5 16. Nxd5 Qe6 17. Qe4 Rd8 18. Ng5 Qh6 19. Ne7+ Kh8 20. Qf5 g6 21.
Nxf7+ Kg7 22. Nxh6 gxf5 23. Nhxf5+ Kf7 24. Nc6 Rc8 25. Nxa7 Rc7 26. Nb5 1-0

[Event "Late-Titled-Tuesday-Blitz-July-09-2024"]
[Site "Chess.com"]
[Date "2024.07.09"]
[Round "1"]
[White "karinachess1"]
[Black "TC2304"]
[Result "1-0"]
[WhiteElo "2664"]
[BlackElo "2337"]
[TimeControl "180+1"]
[EndTime "14:04:36 PDT"]
[Termination "karinachess1 won by resignation"]

1. d4 Nf6 2. c4 e6 3. Nc3 d5 4. cxd5 exd5 5. Bg5 c6 6. e3 Be7 7.
Bd3 O-O 8. Qc2 Nbd7 9. Nf3 Re8 10. O-O Nf8 11. Ne5 a5 12. f4 h6 13. Bh4 Ng4 14. Bf2 Nxf2 15. Qxf2 Nd7 16. Rae1 Nxe5 17. fxe5 Be6 18. Ne2 a4 19. Nf4 Rf8 20. Bb1 Re8 21. Nxe6 fxe6 22. Qc2 1-0

[Event "Late-Titled-Tuesday-Blitz-July-09-2024"]
[Site "Chess.com"]
[Date "2024.07.09"]
[Round "1"]
[White "Vaporwaffle94"]
[Black "Emp3rador"]
[Result "0-1"]
[WhiteElo "2280"]
[BlackElo "2615"]
[TimeControl "180+1"]
[EndTime "14:04:37 PDT"]
[Termination "Emp3rador won by resignation"]

1. e4 e6 2. d4 d5 3. Nc3 dxe4 4. Nxe4 Nd7 5. Nf3 Ngf6 6. Bd3 Nxe4 7. Bxe4 Nf6 8. Bd3 b6 9. O-O Bb7 10. c3 Be7 11.
Bg5 O-O 12. Qe2 c5 13. dxc5 bxc5 14. Rad1 Qc7 15. Bh4 Rad8 16. Bc2 Nd5 17. Bg3 Bd6 18. Bxd6 Rxd6 19. Ng5 Nf6 20. Ne4 Bxe4 21. Bxe4 Nxe4 22. Qxe4 Rfd8 23. Rxd6 Qxd6 24. h3 g6 25. Qe2 Qd2 26.
Re1 Qxe2 27. Rxe2 Rd1+ 28. Kh2 Kg7 29. Re5 Rd2 30. Rxc5 Rxb2 31. Ra5 Rxf2 32. Rxa7 Rc2 33.
Ra3 f5 34. Kg3 Kf6 35. h4 e5 36. Ra6+ Ke7 37. Ra7+ Ke6 38. Rxh7 Rxc3+ 39. Kh2 e4 40. Rh6 Kf7 41. Rh7+ Kf6 42. Rh8 f4 43. h5 gxh5 44.
Rxh5 Rc2 45. Rh8 f3 46. Rf8+ Ke5 47. Re8+ Kf4 48. Rf8+ Ke3 49. Kh1 f2 50. Kh2 Rc1 0-1

[Event "Late-Titled-Tuesday-Blitz-July-09-2024"]
[Site "Chess.com"]
[Date "2024.07.09"]
[Round "1"]
[White "Gyulamiryan-koryun"]
[Black "BreatheChessAlways"]
[Result "0-1"]
[WhiteElo "1917"]
[BlackElo "2529"]
[TimeControl "180+1"]
[EndTime "14:04:37 PDT"]
[Termination "BreatheChessAlways won on time"]

1. e4 c5 2. Nf3 Nc6 3. d4 cxd4 4. Nxd4 e5 5. Nb5 d6 6. N1c3 a6 7.
Na3 Be7 8. Nd5 Nf6 9. c3 Nxd5 10.
Qxd5 Be6 11. Qd3 O-O 12. Be2 f5 13. O-O fxe4 14. Qxe4 d5 15. Qa4 e4 16. b4 Bd6 17.
Nc2 Qh4 18. g3 Qh3 19. Be3 Ne5 20. Nd4 Bg4 0-1

[Event "Late-Titled-Tuesday-Blitz-July-09-2024"]
[Site "Chess.com"]
[Date "2024.07.09"]
[Round "1"]
[White "queenazo"]
[Black "Ruprecht_der_Knecht"]
[Result "0-1"]
[WhiteElo "1705"]
[BlackElo "2522"]
[TimeControl "180+1"]
[EndTime "14:04:38 PDT"]
[Termination "Ruprecht_der_Knecht won by checkmate"]

1. e4 e6 2. d4 d5 3. Nc3 dxe4 4. Nxe4 Bd7 5. Nf3 Bc6 6. Bd3 Nd7 7. O-O Ngf6 8.
Nxf6+ Nxf6 9. c3 Bd6 10. Ne5 Bxe5 11. dxe5 Qd5 12. f3 Qxe5 13. Re1 Qd6 14. Be3 O-O-O 15.
Qd2 Qxd3 16. Qxd3 Rxd3 17. Rad1 Rhd8 18. Rxd3 Rxd3 19. Kf2 a5 20. Ke2 Bb5 21. Kf2 a4 22. Bd4 b6 23. b3 Rd2+ 24. Ke3 Rxa2 25. c4 Bc6 26. b4 Rxg2 27. Rh1 b5 28. c5 a3 29. Ra1 a2 30. h3 Nd5+ 31. Kd3 Nxb4+ 32. Kc3 Nd5+ 33. Kb3 Ne7 34. Rxa2 Bd5+ 35. Kc3 Rxa2 36.
Bxg7 Nf5 37. Be5 Bxf3 38. Bf6 Kb7 39. h4 Kc6 40. h5 Kxc5 41. h6 b4+ 42. Kb3 Bd5# 0-1

[Event "Late-Titled-Tuesday-Blitz-July-09-2024"]
[Site "Chess.com"]
[Date "2024.07.09"]
[Round "1"]
[White "TheDiscoOne"]
[Black "Jospem"]
[Result "0-1"]
[WhiteElo "2516"]
[BlackElo "3117"]
[TimeControl "180+1"]
[EndTime "14:04:39 PDT"]
[Termination "Jospem won by resignation"]

1. c4 c5 2. g3 Nc6 3. Bg2 g6 4. Nc3 Bg7 5. d3 d6 6. e4 e6 7. Nge2 Nge7 8. O-O O-O 9. Be3 Nd4 10.
Bxd4 cxd4 11. Nb1 Rb8 12. a4 a5 13. Na3 Nc6 14. Nb5 e5 15. f4 Nb4 16. h3 Qe7 17.
Kh2 Bd7 18. Nc1 Kh8 19. Na2 Na6 20. Qd2 Nc5 21. Nc1 b6 22. Qc2 f5 23. Nb3 exf4 24.
gxf4 fxe4 25. Nxc5 dxc5 26. Bxe4 Qh4 27. Qf2 Qxh3+ 28. Kg1 Bh6 29. Qg2 Qh4 30. f5 Be3+ 0-1

[Event "Late-Titled-Tuesday-Blitz-July-09-2024"]
[Site "Chess.com"]
[Date "2024.07.09"]
[Round "1"]
[White "cthulhuuu"]
[Black "MarcoRiehle"]
[Result "0-1"]
[WhiteElo "2456"]
[BlackElo "2852"]
[TimeControl "180+1"]
[EndTime "14:04:40 PDT"]
[Termination "MarcoRiehle won by checkmate"]

1. e4 e5 2. Nf3 Nf6 3. d3 Nc6 4. g3 Bc5 5. Bg2 d6 6. O-O h5 7. c3 Bg4 8. h3 h4 9. hxg4 hxg3 10. d4 gxf2+ 11. Rxf2 Bb6 12. Bg5 Qd7 13. Bxf6 gxf6 14.
Na3 a6 15. Nc4 Ba7 16. Ne3 O-O-O 17. b4 Rdg8 18. a4 Ne7 19. b5 a5 20. Rb1 Bb6 21. Nc4 Qxg4 22. Nxb6+ cxb6 23. Nd2 Qh4 24. Nc4 Qh1# 0-1

[Event "Late-Titled-Tuesday-Blitz-July-09-2024"]
[Site "Chess.com"]
[Date "2024.07.09"]
[Round "1"]
[White "GMAneta"]
[Black "kkpanu9"]
[Result "0-1"]
[WhiteElo "2532"]
[BlackElo "2065"]
[TimeControl "180+1"]
[EndTime "14:04:40 PDT"]
[Termination "kkpanu9 won by checkmate"]

1. d4 Nf6 2. c4 e6 3. Nc3 Bb4 4. e3 d6 5. Ne2 O-O 6. a3 Bxc3+ 7. Nxc3 e5 8. d5 e4 9. Be2 a5 10. O-O Nbd7 11. Rb1 b6 12. b4 axb4 13. axb4 Qe7 14.
Bb2 Bb7 15. Nb5 Ne5 16. Nd4 g6 17. Qc2 Ra2 18. Ra1 Rfa8 19. Qb3 Rxa1 20. Bxa1 Nfd7 21. Qc3 Ra2 22. Nc6 Bxc6 23. dxc6 Rxe2 24. cxd7 Qxd7 25. f4 exf3 26. gxf3 f6 27. Rf2 Rxf2 28. Kxf2 Qh3 29. f4 Qxh2+ 30. Ke1 Ng4 31. Qd4 Qf2+ 32. Kd1 Nxe3+ 33.
Kc1 Qc2# 0-1

[Event "Late-Titled-Tuesday-Blitz-July-09-2024"]
[Site "Chess.com"]
[Date "2024.07.09"]
[Round "1"]
[White "Boundless_Strike"]
[Black "Jahonas"]
[Result "1-0"]
[WhiteElo "2802"]
[BlackElo "2435"]
[TimeControl "180+1"]
[EndTime "14:04:48 PDT"]
[Termination "Boundless_Strike won by resignation"]

1. d4 d5 2. e4 dxe4 3. Nc3 c5 4. d5 Nf6 5. f3 e5 6. fxe4 Bd6 7. Nf3 a6 8. a4 Nbd7 9. Be2 O-O 10. O-O Qc7 11. Qe1 c4 12. Qh4 b5 13. axb5 Bb7 14. Kh1 axb5 15.
Nxb5 Qb6 16. Rxa8 Rxa8 17. Nxd6 Qxd6 18. Bxc4 Ra1 19. Bd3 h6 20. Bd2 Rxf1+ 21. Bxf1 Ba6 22. c4 Nc5 23. Bb4 Qb6 24. Bxc5 Qxc5 25. Nxe5 Qd4 26. Nf3 Qxb2 27. e5 Nxd5 28. Qd8+ Kh7 29. Qxd5 Qc1 30. Kg1 Qe3+ 31. Kh1 Qc1 32. Qd3+ g6 33.
Kg1 1-0

[Event "Late-Titled-Tuesday-Blitz-July-09-2024"]
[Site "Chess.com"]
[Date "2024.07.09"]
[Round "1"]
[White "amanmuhammethommadov"]
[Black "GAO"]
[Result "0-1"]
[WhiteElo "2793"]
[BlackElo "2452"]
[TimeControl "180+1"]
[EndTime "14:04:52 PDT"]
[Termination "GAO won by resignation"]

1. e4 c5 2. Nf3 d6 3. d4 cxd4 4.
Nxd4 Nf6 5. Nc3 a6 6. Bg5 e6 7. f4 h6 8. Bh4 Qb6 9. a3 Be7 10.
Bf2 Qc7 11. Qf3 b5 12. O-O-O Bb7 13. g4 Nbd7 14. h4 d5 15. e5 Ne4 16. Nxe4 dxe4 17.
Qe3 Nb6 18. Rh3 Rc8 19. Rd2 Nc4 20. Bxc4 Qxc4 21. Kb1 Qf1+ 22. Qe1 Qxh3 23. f5 Qxg4 24. f6 gxf6 25. exf6 Bxf6 26. Nb3 Bd5 27. Nc5 e3 28. Qxe3 Qc4 29. c3 Qxc5 30. Qxc5 Rxc5 31. Bxc5 Rg8 32. Be3 h5 33. Kc2 Rg2 34. Rxg2 Bxg2 35. Bg5 0-1